 Dungeon Crawl Stone Soup version 0.19.0-19-g8c6edcc (webtiles) character file.

354 KarmaPolice the Charmwright (level 6, -1/47 HPs)
             Began as a Vampire Skald on Nov 14, 2016.
             Slain by skk's ghost (12 damage)
             ... on level 4 of the Dungeon.
             The game lasted 00:09:20 (4931 turns).

KarmaPolice the Charmwright (Vampire Skald)         Turns: 4931, Time: 00:09:21

Health: -1/47      AC:  6    Str: 11    XL:     6   Next: 35%
Magic:  5/11       EV: 11    Int: 15    God:
Gold:   280        SH:  0    Dex: 15    Spells: 4 memorised, 3 levels left

rFire  . . .     SeeInvis +     a - +0 falchion
rCold  + . .     Gourm    .     b - +0 leather armour
rNeg   + + .     Faith    .     (no shield)
rPois  +         Spirit   .     f - +0 helmet
rElec  .         Reflect  .     (no cloak)
rCorr  .         Harm     .     (no gloves)
MR     .....                    o - +1 pair of boots
Stlth  ++........               (no amulet)
                                (no ring)
                                (no ring)

@: singing, regenerating slowly
A: fangs 3, see invisible, unbreathing
a: Bat Form, Stop Singing


You were on level 4 of the Dungeon.
You were thirsty.

You visited 1 branch of the dungeon, and saw 4 of its levels.

You collected 280 gold pieces.

Inventory:

Hand Weapons
 a - a +0 falchion (weapon)
Armour
 b - a +0 leather armour (worn)
 f - a +0 helmet (worn)
 o - a +1 pair of boots (worn)
Jewellery
 n - a +6 amulet of reflection {unknown}
 q - a cursed ring of loudness {unknown}
 s - a cursed ring of teleportation {unknown}
Wands
 x - a wand of iceblast (9/15)
Scrolls
 g - 3 scrolls of identify {unknown}
 h - a scroll of remove curse {unknown}
 i - a scroll of blinking {unknown}
 j - 2 scrolls of enchant armour {unknown}
 m - a scroll of fear {unknown}
 p - a scroll of recharging {unknown}
Potions
 d - 5 potions of blood
 e - 2 potions of lignification {unknown}
 k - a potion of curing {unknown}
 l - a potion of mutation {unknown}
 r - a potion of brilliance {unknown}
 t - a potion of agility {unknown}
 u - a potion of magic {unknown}
 v - 2 potions of heal wounds {unknown}
 w - a potion of degeneration {unknown}
Books
 c - a book of Battle

   Spells                             Type                      Level
   a - Infusion                       Charms                       1
   b - Shroud of Golubria             Charms/Translocation         2
   c - Song of Slaying                Charms                       2
   d - Spectral Weapon                Hexes/Charms                 3
   e - Regeneration                   Charms/Necromancy            3


   Skills:
 + Level 3.3 Fighting
 + Level 3.8 Long Blades
 - Level 0.7 Armour
 - Level 1.1 Dodging
 + Level 3.3 Spellcasting
 + Level 5.0 Charms


You had 3 spell levels left.
You knew the following spells:

 Your Spells              Type           Power        Failure   Level  Hunger
a - Infusion              Chrm           ###.         3%          1    None
b - Shroud of Golubria    Chrm/Tloc      ##........   17%         2    ##.....
c - Song of Slaying       Chrm           ###.....     6%          2    ##.....
d - Regeneration          Chrm/Necr      ##........   30%         3    ###....


Dungeon Overview and Level Annotations

Branches:
Dungeon (4/15)
 Temple: D:4-7

Altars:
Fedhas
Gozag
Hepliaklqana
Yredelemnul
Zin

Shops:
D:4 (

Annotations:
D:4 skk's ghost, novice FoFi


Innate Abilities, Weirdness & Mutations

You heal slowly.
You have razor-sharp teeth.
You have supernaturally acute eyesight. (SInv)
You can survive without breathing.


Message History

You completely miss skk's ghost. You bite skk's ghost, but do no damage.
Skk's ghost is moderately damaged.
Skk's ghost hits you.
You closely miss skk's ghost.
Skk's ghost is moderately damaged.
Skk's ghost completely misses you.
You barely miss skk's ghost.
Skk's ghost is moderately damaged.
Skk's ghost closely misses you.
You riposte.
You hit skk's ghost. Your bite misses skk's ghost.
Skk's ghost is moderately damaged.
You hit skk's ghost but do no damage.
Skk's ghost is moderately damaged.
You are no longer magically infusing your attacks.
Skk's ghost hits you!
* * * LOW HITPOINT WARNING * * *
You closely miss skk's ghost.
Skk's ghost is moderately damaged.
Skk's ghost hits you!
You die...

###.......#####........####...#
..#..<....[......#####.####.#####
#.........###.....####...........
##........##..#................##
#..................##########...
####............#### ####
##...........##.....######
#..........#..##.W........
.#.........#.###@.<.......
.............###..........
..............##.####...##
.........................#
>...........###.....###......
....∩.......##......# #...#.
............##......#####.....
.....................(.......
............##.......###...#


You could see skk's ghost.

Vanquished Creatures
  A phantom (D:4)
  A hound (D:3)
  A bullfrog skeleton (D:4)
  Natasha (thrice) (D:2)
  A worker ant (D:4)
  3 adders (D:2)
  An ooze (D:2)
  2 dart slugs (D:3)
  2 leopard geckos
  4 orcs (D:3)
  2 ball pythons
  3 bats
  6 giant cockroaches
  6 goblins
  14 hobgoblins
  3 jackals (D:1)
  5 kobolds
  A quokka (D:2)
  3 frilled lizards (D:2)
  3 rats (D:1)
65 creatures vanquished.

Notes
Turn   | Place    | Note
-------+----------+-------------------------------------------
     0 | D:1      | KarmaPolice the Vampire Skald began the quest for the Orb.
     0 | D:1      | Reached XP level 1. HP: 16/16 MP: 3/3
   242 | D:1      | Reached XP level 2. HP: 7/22 MP: 3/5
   748 | D:1      | Learned a level 2 spell: Shroud of Golubria
   751 | D:1      | Learned a level 2 spell: Song of Slaying
  1295 | D:2      | Reached XP level 3. HP: 27/27 MP: 6/6
  1334 | D:2      | Found a hazy altar of Hepliaklqana.
  1423 | D:2      | Found an opulent altar of Gozag.
  1659 | D:2      | Reached skill level 4 in Charms
  1659 | D:2      | Reached XP level 4. HP: 22/34 MP: 0/7
  1923 | D:2      | Noticed Natasha
  1935 | D:2      | Killed Natasha
  2367 | D:2      | Noticed Natasha
  2378 | D:2      | Killed Natasha
  2688 | D:2      | Found a glowing silver altar of Zin.
  2688 | D:2      | Found a faded altar of an unknown god.
  2691 | D:2      | Noticed Natasha
  2699 | D:2      | Killed Natasha
  2699 | D:2      | Reached XP level 5. HP: 17/39 MP: 1/9
  2701 | D:2      | Found a faded altar of an unknown god.
  2714 | D:2      | Found a faded altar of an unknown god.
  2719 | D:2      | Found a faded altar of an unknown god.
  3067 | D:3      | Learned a level 3 spell: Regeneration
  3068 | D:3      | Found a blossoming altar of Fedhas.
  3130 | D:4      | Noticed a phantom
  3788 | D:4      | Found a basalt altar of Yredelemnul.
  3811 | D:4      | Noticed skk's ghost (novice FoFi)
  3956 | D:4      | Killed a phantom
  3956 | D:4      | Reached XP level 6. HP: 39/47 MP: 0/10
  3967 | D:4      | Found Asekhlih's Antique Weapon Boutique.
  4733 | D:4      | Reached skill level 5 in Charms
  4931 | D:4      | Slain by skk's ghost

Skill      XL: |  1  2  3  4  5  6 |
---------------+-------------------+-----
Fighting       | 2 3 |  3.3
Charms         | 4 5 |  5.0
Long Blades    | 3 |  3.8
Spellcasting   | 3 |  3.3
Armour         | |  0.7
Dodging        | |  1.1

Action                   |  1- 3 |  4- 6 || total
-------------------------+-------+-------++-------
Melee: Falchion          |    71 |   130 ||   201
       Bite              |     7 |    12 ||    19
 Cast: Infusion          |     6 |    15 ||    21
       Song of Slaying   |     1 |     3 ||     4
       Shroud of Golubri |       |     8 ||     8
 Abil: End Transformatio |       |     6 ||     6
       Bat Form          |       |     6 ||     6
  Use: Potion            |       |     4 ||     4
 Stab: Sleeping          |     1 |     3 ||     4
  Eat: Corpse            |     1 |     4 ||     5
Armor: Leather armour    |    30 |    47 ||    77
Dodge: Dodged            |    44 |    76 ||   120
       Rpst.: Falchion   |    18 |    24 ||    42
